 Dungeon Crawl Stone Soup version 0.32-a0-519-g08f29ac1c3 (webtiles) character file.

Game seed: 11158340038401559331

21970 senseless the Carver (level 12, -7/100 HPs)
             Began as a Coglin Gladiator on Feb 27, 2024.
             Was the Champion of Cheibriados.
             Incinerated by a deep elf pyromancer (20 damage)
             ... with a pyre arrow
             ... on level 10 of the Dungeon.
             The game lasted 00:46:01 (12126 turns).

senseless the Carver (Coglin Gladiator)            Turns: 12126, Time: 00:46:02

Health: -7/100     AC: 18    Str: 29    XL:     12   Next: 95%
Magic:  12/12      EV: 25    Int: 25    God:    Cheibriados [******]
Gold:   741        SH:  0    Dex: 37    Spells: 11/11 levels left

rFire   . . .        E - +3 trident (drain) {Noor}
rCold   . . .        f - +0 long sword {Kiko}
rNeg    . . .        J - +9 ring mail of Fortitude {Int+3 Stlth+}
rPois   .            D - +1 helmet {SInv}
rElec   .            A - +0 cloak
rCorr   .            I - +0 pair of gloves
SInv    +            (no boots)
Will    .....        c - amulet of regeneration
Stlth   ++           (ring unavailable)
HPRegen 1.16/turn    (ring unavailable)
MPRegen 0.13/turn

%: no passive effects
@: on fire, glowing, studying Shields, revving, very slow
A: off-hand wielding, slow wielding, warmup strikes, no rings
a: Renounce Religion, Bend Time, Temporal Distortion, Slouch, Step From Time


You were on level 10 of the Dungeon.
You worshipped Cheibriados.
Cheibriados was exalted by your worship.
You visited 1 branch of the dungeon, and saw 10 of its levels.
You visited the Abyss 1 time.
You also visited: Bailey.

You collected 1381 gold pieces.
You spent 640 gold pieces at shops.

Inventory:

Hand Weapons
 a - a +3 long sword {Ximena}
 b - a +3 triple crossbow of freezing {Fusazane}
 f - a +0 long sword (offhand) {Kiko}
 E - a +3 trident of draining (weapon) {Noor}
 M - a +4 spear of venom
 Q - the +6 short sword "Leviticus" {venom, Dex+7}
   (You found it on level 9 of the Dungeon)

   Dex+7:     It affects your dexterity (+7).
Missiles
 d - a throwing net
 e - 28 javelins
 j - 2 atropa-tipped darts
 n - 10 boomerangs
 y - 35 poisoned darts
 O - 2 curare-tipped darts
Armour
 m - +0 steam dragon scales
 A - a +0 cloak (worn)
 D - a +1 helmet of see invisible (worn)
 F - a +2 robe of fire resistance
 I - a +0 pair of gloves (worn)
 J - the +9 ring mail of Fortitude (worn) {Int+3 Stlth+}
   (You bought it in a shop on level 7 of the Dungeon)

   Int+3:     It affects your intelligence (+3).
   Stlth+:    It makes you more stealthy.
 K - the +0 robe of Poeppopn {rC+ rCorr}
   (You bought it in a shop on level 7 of the Dungeon)

   rC+:       It protects you from cold.
   rCorr:     It protects you from acid and corrosion.
Jewellery
 c - an amulet of regeneration (around neck)
 i - an amulet of the acrobat
 r - an amulet of guardian spirit
 L - the amulet "Kuxyb" {Acrobat Int+2}
   (You found it on level 10 of the Dungeon)

   [amulet of the acrobat]

   Acrobat:   It increases your evasion while moving and waiting.
   Int+2:     It affects your intelligence (+2).
Wands
 p - a wand of warping (6) (quivered)
 x - a wand of paralysis (12)
Scrolls
 h - 2 scrolls of amnesia
 k - 2 scrolls of immolation
 w - a scroll of revelation
 C - a scroll of silence
Potions
 g - 2 potions of resistance
 l - 3 potions of might
 o - 3 potions of lignification
 q - 4 potions of curing
 s - 2 potions of brilliance {unknown}
 t - 3 potions of invisibility {unknown}
 u - 2 potions of cancellation
 v - a potion of degeneration {unknown}
 z - 2 potions of mutation
 G - 2 potions of magic {unknown}
 H - 2 potions of attraction {unknown}
 N - a potion of ambrosia {unknown}
Miscellaneous
 B - a tin of tremorstones (2/2)


   Skills:
 + Level 11.6 Fighting
 + Level 11.7 Long Blades
 + Level 9.1 Throwing
 + Level 10.8 Dodging


You had 11 spell levels left.
You didn't know any spells.
Your spell library contained the following spells:

 Spells                   Type           Power      Damage    Failure   Level
 Magic Dart               Conj           0%         1d3       21%         1
 Sandblast                Erth           0%         2d4       21%         1
 Blink                    Tloc           0%         N/A       30%         2
 Call Imp                 Summ           0%         N/A       30%         2
 Ensorcelled Hibernation  Hex/Ice        0%         N/A       30%         2
 Lesser Beckoning         Tloc           0%         N/A       30%         2
 Momentum Strike          Conj/Tloc      0%         3d8       30%         2
 Dazzling Flash           Conj/Hex       0%         N/A       52%         3
 Passwall                 Erth           0%         N/A       52%         3
 Stone Arrow              Conj/Erth      0%         3d7       52%         3
 Swiftness                Air            0%         N/A       52%         3
 Volatile Blastmotes      Fire/Tloc      0%         2d10      52%         3
 Brom's Barrelling Bould  Conj/Erth      0%         2d3       89%         4
 Fulminant Prism          Conj/Alch      0%         3d5       89%         4
 Iskenderun's Mystic Bla  Conj/Tloc      0%         2d3       89%         4
 Starburst                Conj/Fire      0%         6d3       100%        6
 Maxwell's Capacitive Co  Air            0%         ∞         100%        8


Dungeon Overview and Level Annotations

Branches:
Dungeon (10/15)            Temple (0/1) D:7          Bailey (visited)
   Lair: D:8-11         Orc: D:9-12

Altars:
Ashenzari
Cheibriados
Elyvilon
Fedhas
Hepliaklqana
Kikubaaqudgha
Makhleb
Okawaru
Qazlal
Ru
Sif Muna
Vehumet
Xom
The Shining One

Shops:
D:7 [

Annotations:
D:8 3 runed translucent doors, Tenar's ghost, novice MDCA


Innate Abilities, Weirdness & Mutations

You can wield a second weapon in your off-hand.
It takes a long time for you to wield or remove held weapons.
Your first few attacks do less damage.
Your grasper-arms cannot wear rings.


Message History

You puncture the deep elf pyromancer with your +3 trident of draining!
You drain the deep elf pyromancer.
The deep elf pyromancer is almost dead.
You slash the deep elf pyromancer with your +0 long sword!
You kill the deep elf pyromancer!
Cheibriados appreciates the change of pace.
The fire elemental disappears in a puff of smoke!
The liquid fire burns you!
* * * LOW HITPOINT WARNING * * *
The four-headed hydra misses you.
The four-headed hydra completely misses you.
The four-headed hydra closely misses you.
The four-headed hydra misses you.
Throw: 2 darts (atropa)
Press: ? - help, Q - select action, (/) - cycle Shift-Dir - straight line, f - four-headed hydra
Aim: a four-headed hydra (86% to hit, chance to blind on hit: 3%)
Okay, then.
Unknown command.
Aiming: Warp Space
Press: ? - help, Shift-Dir - straight line, f - four-headed hydra
Aim: a four-headed hydra Space twists violently!
The rupture engulfs the four-headed hydra!
The four-headed hydra blinks!
The four-headed hydra is lightly wounded.
The rupture engulfs you.
* * * LOW HITPOINT WARNING * * *
The rupture engulfs the four-headed hydra!
The four-headed hydra blinks!
The liquid fire burns you!
* * * LOW HITPOINT WARNING * * *
You hear a shout! x3
The four-headed hydra bites you but does no damage.
The four-headed hydra closely misses you.
The four-headed hydra misses you. The four-headed hydra bites you.
* * * LOW HITPOINT WARNING * * *
You shake off some of the fire as you move.
The liquid fire burns you!
You die...
Cheibriados appreciates the motionlessness of death.

....................#......#...#
#.###.....###.###...#......'...#
##.###...##.....##..#......#...#
#.#.###.##.#####.##........#...#
#)#†# ###|## # .##.......#...#
#.#.# #.## .##.#.##..####..#
#.#.# ##.## #D# #. #..####..#
#.#.# ##.# #u# .. #.......^#
#.#.# #.## ##@# #........# #.#.#
##.###.## #........# #.#.#
##:§D## #........# #.# #####
#..####### .## .. #..# #.###
###.### ##..# ..†.##
##.....##...#...# ###.)##
##.......##..#...#
#.#...###.........##.#...#


You could see 2 four-headed hydras and a brown ugly thing.

Vanquished Creatures
  A caustic shrike zombie (Abyss:1)
  A rakshasa (D:9)
  Erolcha (D:9)
  A centaur warrior (D:10)
  A boulder beetle (D:10)
  Amaemon (D:8)
  A flayed ghost (D:9)
  An orange crystal statue (D:8)
  A large abomination (Abyss:1)
  A deep elf pyromancer (D:10)
  A cyclops (D:8)
  An orange demon (D:8)
  Jeremiah (D:7)
  2 kobold demonologists (D:9)
  A komodo dragon (D:10)
  An ancient zyme (Abyss:1)
  Psyche (D:9)
  A hellwing (Abyss:1)
  2 hornets (D:9)
  4 raiju (Abyss:1)
  5 wraiths
  2 shadows (D:9)
  13 fire bats (D:9)
  A yak (D:10)
  4 vampire mosquitoes (D:10)
  A neqoxec (Abyss:1)
  3 steam dragons
  Menkaure (D:4)
  2 water moccasins
  An acid dragon (D:10)
  Duvessa (D:6)
  10 orc warriors
  2 black bears
  3 ogres
  13 centaurs
  A phantom (D:4)
  2 bullfrogs
  5 kobold brigands
  A gnoll sergeant (D:9)
  2 scorpions
  5 wights
  Dowan (D:6)
  7 killer bees
  2 howler monkeys (D:7)
  2 bombardier beetles (D:5)
  2 lava snakes (D:8)
  4 hounds
  2 orc priests (D:9)
  A gnoll bouda (D:6)
  4 iguanas
  11 orc wizards
  13 gnolls
  6 adders
  2 shadow imps
  2 white imps (D:7)
  4 ufetubi
  3 dart slugs
  3 ribbon worms
  48 orcs
  10 ball pythons
  6 endoplasms
  7 giant cockroaches
  11 goblins
  9 hobgoblins
  22 kobolds
  2 quokkas (D:2)
  66 bats
  2 frilled lizards
  3 rats (D:3)
358 creatures vanquished.

Vanquished Creatures (others)
  A human (D:7)
  2 killer bees (D:8)
  An orc (D:8)
4 creatures vanquished.

Grand Total: 362 creatures vanquished

Notes
Turn   | Place    | Note
-------+----------+-------------------------------------------
     0 | D:1      | senseless the Coglin Gladiator began the quest for the Orb.
     0 | D:1      | Reached XP level 1. HP: 16/16 MP: 1/1
   168 | D:1      | Reached XP level 2. HP: 22/22 MP: 2/2
   423 | D:1      | Reached XP level 3. HP: 28/28 MP: 3/3
   570 | D:2      | Found a white marble altar of Elyvilon.
   944 | D:2      | Reached XP level 4. HP: 34/34 MP: 4/4
  1181 | D:3      | Noticed a black bear
  1191 | D:3      | Killed a black bear
  1192 | D:3      | Reached XP level 5. HP: 22/41 MP: 5/5
  1864 | D:4      | Reached XP level 6. HP: 47/47 MP: 6/6
  2019 | D:4      | You fall into a shaft and drop 1 floor!
  2019 | D:5      | Entered Level 5 of the Dungeon
  2066 | D:4      | Reached XP level 7. HP: 45/54 MP: 7/7
  2099 | D:4      | Found a snail-covered altar of Cheibriados.
  2126 | D:4      | Became a worshipper of Cheibriados the Contemplative
  2158 | D:4      | Noticed Menkaure
  2165 | D:4      | Killed Menkaure
  2263 | D:4      | Reached skill level 5 in Long Blades
  2499 | D:4      | Found a sacrificial altar of Ru.
  2660 | D:4      | Reached * piety under Cheibriados
  2766 | D:4      | Reached XP level 8. HP: 55/61 MP: 8/8
  2947 | D:5      | Reached skill level 5 in Dodging
  3157 | D:5      | Reached skill level 5 in Fighting
  3534 | D:5      | Found a white marble altar of Elyvilon.
  3694 | D:6      | Noticed Duvessa
  3695 | D:6      | Noticed Dowan
  3701 | D:6      | Killed Duvessa
  3706 | D:6      | Killed Dowan
  3755 | D:6      | Found a hazy altar of Hepliaklqana.
  3881 | D:6      | Reached skill level 5 in Throwing
  4410 | D:6      | Reached XP level 9. HP: 69/69 MP: 9/9
  4636 | D:7      | Reached ** piety under Cheibriados
  4680 | D:7      | Found a flagged portal.
  4703 | Bailey   | Entered a bailey
  5408 | Bailey   | Reached *** piety under Cheibriados
  6671 | Bailey   | Reached XP level 10. HP: 78/79 MP: 10/10
  7033 | Bailey   | Reached XP level 11. HP: 89/89 MP: 11/11
  7177 | D:7      | Found a staircase to the Ecumenical Temple.
  7214 | D:7      | Noticed Jeremiah
  7714 | D:7      | Killed Jeremiah
  7963 | D:7      | Found Neiprie's Antique Armour Shop.
  7970 | D:7      | Found an ancient bone altar of Kikubaaqudgha.
  7974 | D:7      | Bought a pair of gloves for 108 gold pieces
  7974 | D:7      | Bought an ichor-stained ring mail for 216 gold pieces
  7974 | D:7      | Identified the +9 ring mail of Fortitude {Int+3 Stlth+}
                  | (You bought it in a shop on level 7 of the Dungeon)
  7974 | D:7      | Bought a pitted robe for 136 gold pieces
  7974 | D:7      | Identified the +0 robe of Poeppopn {rC+ rCorr} (You bought
                  | it in a shop on level 7 of the Dungeon)
  8013 | D:7      | Reached **** piety under Cheibriados
  8433 | D:8      | Noticed a cyclops
  8574 | D:8      | Killed a cyclops
  8575 | D:8      | Reached skill level 10 in Long Blades
  8763 | D:8      | Found an iron altar of Okawaru.
  8848 | D:8      | Found a shimmering blue altar of Sif Muna.
  8848 | D:8      | Found a runed translucent gate.
  8848 | D:8      | Found a runed translucent gate.
  8849 | D:8      | Found a runed translucent gate.
  8851 | D:8      | Noticed Tenar's ghost (novice MDCA)
  8853 | D:8      | Noticed a nine-headed hydra
  8870 | D:8      | Noticed an orange crystal statue
  8952 | D:8      | Noticed Amaemon
  8973 | D:8      | Killed Amaemon
  9171 | D:8      | Found a glowing golden altar of the Shining One.
  9279 | D:8      | Found a broken altar of Ashenzari.
  9299 | D:8      | Reached skill level 10 in Fighting
  9538 | D:8      | Killed an orange crystal statue
  9659 | D:8      | Reached ***** piety under Cheibriados
  9785 | D:9      | Noticed a sun demon
  9787 | D:9      | Noticed a sun demon
  9788 | D:9      | Noticed a sixfirhy
  9874 | D:9      | Found a runed translucent door.
  9895 | D:9      | Found a radiant altar of Vehumet.
  9912 | D:9      | Found an ancient bone altar of Kikubaaqudgha.
  9930 | D:9      | Found a burning altar of Makhleb.
  9942 | D:9      | Found a hazy altar of Hepliaklqana.
  9995 | D:9      | Reached ****** piety under Cheibriados
 10014 | D:9      | Reached XP level 12. HP: 98/98 MP: 12/12
 10023 | D:9      | Found a burning altar of Makhleb.
 10056 | D:9      | Found a shimmering altar of Xom.
 10124 | D:9      | Found a transporter.
 10187 | D:9      | Found a transporter.
 10254 | D:9      | Found a blossoming altar of Fedhas.
 10296 | D:9      | Noticed Erolcha
 10321 | Abyss:1  | Cast into level 1 of the Abyss (Erolcha)
 10411 | Abyss:1  | Reached skill level 10 in Dodging
 10441 | Abyss:1  | Found a corrupted altar of Lugonu.
 10441 | Abyss:1  | Found a corrupted altar of Lugonu.
 10574 | Abyss:1  | Noticed a tentacled starspawn
 10684 | Abyss:1  | Noticed a starcursed mass
 10707 | Abyss:1  | Noticed a rakshasa
 10714 | D:9      | Escaped the Abyss
 10719 | D:9      | Killed a rakshasa
 10723 | D:9      | Killed Erolcha
 10786 | D:9      | Identified the +6 short sword "Leviticus" {venom, Dex+7}
 10794 | D:9      | Found a stormy altar of Qazlal.
 10818 | D:9      | Noticed Psyche
 10825 | D:9      | Killed Psyche
 10952 | D:9      | Identified a scroll of acquirement
 10952 | D:9      | Acquired 720 gold pieces
 11213 | D:9      | Found a radiant altar of Vehumet.
 11528 | D:10     | Entered Level 10 of the Dungeon
 11679 | D:7      | Bought a glowing helmet for 180 gold pieces
 11952 | D:10     | Noticed a boulder beetle
 11993 | D:10     | Noticed a centaur warrior
 11999 | D:10     | Killed a centaur warrior
 12011 | D:10     | Killed a boulder beetle
 12102 | D:10     | Identified the amulet "Kuxyb" {Acrobat Int+2}
 12109 | D:10     | Noticed a four-headed hydra
 12112 | D:10     | Noticed a four-headed hydra
 12126 | D:10     | Incinerated by a deep elf pyromancer

Illustrated notes

Levels and vault maps discovered:
D:1:      amcnicky_arrival_flooded_fountain, layout_rooms
D:2:      layout_rooms, basic_altar
D:3:      layout_basic, dk_noncrumbling_2, kennysheep_generic_room_6
D:4:      layout_basic, amcnicky_altar_gilded, nicolae_ru_sacrificial_ziggurat,
          minmay_quadrilaterals, uniq_menkaure
D:5:      layout_loops_cross, nicolae_elyvilon_peaceful_grove
D:6:      layout_basic, lemuel_tele_altar, uniq_duvessa
D:7:      layout_basic, tgw_kikubaaqudgha, minmay_temple_entry_glassed_door,
          enter_bailey_5, serial_shops, nicolae_shop_just_a_little_nook,
          hangedman_decor_clover_reticule, serial_bayou_crossing, uniq_jeremiah
D:8:      layout_basic, kennysheep_mini, evilmike_ruin_ashenzari,
          mainiacjoe_overflow_brackets, kennysheep_okawaru_gauntlet,
          gammafunk_ghost_hydra_chop, disabler_island, uniq_amaemon
D:9:      due_megacathedral, layout_cross, nicolae_qazlal_scattered_showers,
          mainiacjoe_overflow_swirl, nicolae_diode_stairs, uniq_psyche,
          uniq_erolcha
D:10:     minmay_the_grid_octo_2x2 [minmay_the_grid_octo_toaster,
          minmay_the_grid_octo_77, minmay_the_grid_octo_empty,
          minmay_the_grid_octo_prize_single_spiral], layout_gridville,
          bloody_makhleb

Skill      XL: |  1  2  3  4  5  6  7  8  9 10 11 12 |
---------------+-------------------------------------+-----
Throwing       | 2 3 4 5 6 7 9 |  9.1
Dodging        | 3 4 5 6 8 9 10 | 10.8
Fighting       | 3 4 5 7 9 10 11 | 11.6
Long Blades    | 4 5 6 7 9 10 11 | 11.7

Action                     |  1- 3 |  4- 6 |  7- 9 | 10-12 || total
---------------------------+-------+-------+-------+-------++-------
  Melee: Long sword        |   111 |   144 |   416 |   775 ||  1446
         Spear             |       |       |    93 |       ||    93
         Trident           |       |       |       |     6 ||     6
         Unarmed           |       |       |       |     4 ||     4
   Fire: Triple crossbow   |       |       |       |    23 ||    23
  Throw: Throwing net      |       |       |     4 |       ||     4
         Boomerang         |       |       |    30 |    17 ||    47
         Dart              |       |       |     8 |     1 ||     9
 Invoke: Bend Time         |       |       |     1 |       ||     1
         Slouch            |       |       |       |     1 ||     1
  Evoke: Wand              |       |       |       |     1 ||     1
    Use: Scroll            |       |     6 |    12 |     5 ||    23
         Potion            |       |       |     3 |     1 ||     4
   Stab: Sleeping          |       |       |     1 |     1 ||     2
         Held in net/web   |       |       |     2 |       ||     2
         Distracted        |       |       |       |     2 ||     2
 Armour: Leather armour    |    17 |       |       |       ||    17
         Ring mail         |    14 |    55 |   221 |   232 ||   522
         Robe              |       |       |       |     3 ||     3
         Skin              |       |       |       |     1 ||     1
  Dodge: Dodged            |    49 |    58 |   538 |   835 ||  1480
         Repelled          |     5 |     1 |     1 |    24 ||    31

Table legend: (Time is in decaauts)
 A = Elapsed time spent in this place.
 B = Non-inter-level travel time spent in this place.
 C = Inter-level travel time spent in this place.
 D = Time resting spent in this place.
 E = Time spent auto-exploring this place.
 F = Levels seen in this place.
 G = Mean time per level.
                   A        B        C        D        E       F      G
               +--------+--------+--------+--------+--------+-----+--------+
         Total |  15873 |  14687 |   1186 |   1724 |   9532 |  12 | 1322.8 |
       Dungeon |  12613 |  11427 |   1186 |    629 |   8455 |  10 | 1261.3 |
         Abyss |    515 |    515 |      0 |      0 |    393 |   1 |  515.0 |
        Bailey |   2744 |   2744 |      0 |   1095 |    683 |   1 | 2744.0 |
               +--------+--------+--------+--------+--------+-----+--------+

Top non-repeatable levels by time:
  Bailey: 2744 daAuts
     D:9: 2414 daAuts
     D:7: 2109 daAuts
     D:8: 1929 daAuts
     D:6: 1433 daAuts
     D:4: 1144 daAuts
     D:5: 1046 daAuts
     D:3: 846 daAuts
    D:10: 679 daAuts
     D:1: 571 daAuts
 Abyss:1: 515 daAuts
     D:2: 438 daAuts
